 Dungeon Crawl Stone Soup version 0.28.0 (webtiles) character file.

Game seed: 1057794757203598333

2775 horus123 the Fighter (level 9, -10/77 HPs)
             Began as a Barachi Fighter on Feb 17, 2022.
             Was an Initiate of Qazlal.
             Mangled by a fire elemental (13 damage)
             ... summoned by a deep elf pyromancer
             ... on level 7 of the Dungeon.
             The game lasted 00:11:36 (8356 turns).

horus123 the Fighter (Barachi Fighter)              Turns: 8356, Time: 00:11:37

Health: -10/77     AC: 21    Str: 21    XL:     9   Next: 70%
Magic:  9/9        EV:  7    Int:  8    God:    Qazlal [......]
Gold:   330        SH:  6    Dex: 13    Spells: 8/8 levels left

rFire   . . .      SeeInvis +   a - +1 long sword
rCold   . . .      Faith    .   c - +0 buckler
rNeg    . . .      Spirit   .   n - +0 chain mail
rPois   .          Reflect  .   e - +0 helmet
rElec   .          Harm     .   A - +2 cloak
rCorr   .          Rampage  .   q - +0 pair of gloves
Will    .....                   (no boots)
Stlth   ..........              (no amulet)
HPRegen 0.22/turn               v - +4 ring of protection
MPRegen 0.11/turn               i - ring of see invisible

@: slow
A: amphibious, slowness 1, strong legs 1, +LOS
a: Hop, Renounce Religion


You were on level 7 of the Dungeon.
You worshipped Qazlal.
Qazlal was noncommittal.
You visited 2 branches of the dungeon, and saw 8 of its levels.

You collected 330 gold pieces.

Inventory:

Hand Weapons
 a - a +1 long sword (weapon)
Missiles
 s - a throwing net
Armour
 c - a +0 buckler (worn)
 e - a +0 helmet (worn)
 n - a +0 chain mail (worn)
 q - a +0 pair of gloves (worn)
 A - a +2 cloak (worn)
Jewellery
 g - a ring of positive energy
 i - a ring of see invisible (right hand)
 r - a ring of protection from cold
 v - a +4 ring of protection (left hand)
Wands
 m - a wand of mindburst (7)
 o - a wand of flame (24)
 w - a wand of acid (14)
 x - a wand of iceblast (13)
 y - a wand of digging (9)
 z - a wand of charming (10)
Scrolls
 b - 2 scrolls of magic mapping
 k - 6 scrolls of teleportation
 p - a scroll of fog
Potions
 d - 4 potions of curing
 f - 2 potions of degeneration
 j - 3 potions of lignification
 l - a potion of cancellation {unknown}
 t - a potion of ambrosia {unknown}
 u - a potion of flight {unknown}


   Skills:
 - Level 9.4 Fighting
 - Level 8.3 Long Blades
 - Level 8.1 Armour
 + Level 7.3 Shields


You had 8 spell levels left.
You didn't know any spells.
Your spell library contained the following spells:

 Spells                   Type           Power      Damage    Failure   Level
 Animate Skeleton         Necr           0%         N/A       99%         1
 Pain                     Necr           0%         1d4       99%         1
 Conjure Flame            Conj/Fire      0%         6-21      100%        3
 Ignite Poison            Fire/Tmut/Pois 0%         N/A       100%        3
 Tukima's Dance           Hex            0%         N/A       100%        3
 Vampiric Draining        Necr           0%         2d6       100%        3
 Passage of Golubria      Tloc           0%         N/A       100%        4
 Sticky Flame             Conj/Fire      0%         2d3       100%        4
 Yara's Violent Unravell  Hex/Tmut       0%         3d3       100%        5


Dungeon Overview and Level Annotations

Branches:
Dungeon (7/15)             Temple (1/1) D:7

Altars:
Ashenzari
Cheibriados
Dithmenos
Elyvilon
Fedhas
Gozag
Hepliaklqana
Kikubaaqudgha
Nemelex Xobeh
Okawaru
Qazlal
Ru
Sif Muna
Trog
Uskayaw
Vehumet
Yredelemnul
The Shining One

Shops:
D:6 *


Innate Abilities, Weirdness & Mutations

You are amphibious.
You cover ground slowly.
You can hop short distances.
You have an extended range of vision and can be seen from far away.


Message History

The deep elf pyromancer gestures wildly while chanting.
The deep elf pyromancer blinks!
You barely miss the komodo dragon. The fire elemental hits you.
The fire elemental burns you! You block the komodo dragon's attack.
A jelly comes into view.
You block the fire elemental's attack.
The jelly quivers.
You hit the komodo dragon.
The komodo dragon is lightly wounded.
The komodo dragon bites you!
* * * LOW HITPOINT WARNING * * *
The fire elemental hits you. The fire elemental burns you!
* * * LOW HITPOINT WARNING * * *
You hit the komodo dragon but do no damage.
The komodo dragon is lightly wounded.
The fire elemental hits you. The fire elemental burns you!
* * * LOW HITPOINT WARNING * * *
The komodo dragon closely misses you.
A sky beast comes into view.
Unknown command.
You feel much better. The fire elemental hits you.
The fire elemental burns you!
* * * LOW HITPOINT WARNING * * *
The komodo dragon bites you but does no damage.
The fire elemental hits you. The fire elemental burns you!
* * * LOW HITPOINT WARNING * * *
You feel better.
A bullfrog skeleton comes into view.
The komodo dragon bites you but does no damage.
The fire elemental barely misses you.
The deep elf pyromancer gestures wildly while chanting.
The fire elemental barely misses you.
The komodo dragon is engulfed in blazing flames.
The komodo dragon is engulfed in blazing flames. x2
The fire elemental hits you. The fire elemental burns you!
* * * LOW HITPOINT WARNING * * *
The komodo dragon is engulfed in blazing flames.
The komodo dragon dies!
The fire elemental hits you. The fire elemental burns you!
You die...

..##.......... ...#
..####..###.## ...
#.###..##.....# ..
......##... ...## .
##.####..# .#..##
###
##..#..#######..#...
#...#..#.....#..#.#
#...#..#.......#..#
...###..#.....#.@##
..# #..#######EE# ##
##..#.#.#☼○##
##....°○○##
##..°°○## ###O###
.5y.. #.J||.# ...}Z
...


You could see a two-headed ogre, 2 fire elementals, a vampire mosquito, a jelly
and a shadow imp.

Vanquished Creatures
  A cyclops (D:6)
  A shadow (D:7)
  A wraith (D:7)
  A yak (D:7)
  2 water moccasins
  An ice beast (D:6)
  A black bear (D:4)
  An ogre (D:5)
  4 phantoms
  2 bullfrogs
  4 scorpions
  A water moccasin zombie (D:5)
  A wyvern skeleton (D:5)
  A water moccasin skeleton (D:4)
  A howler monkey (D:6)
  A centaur zombie (D:3)
  2 bullfrog skeletons
  A bullfrog zombie (D:6)
  A gnoll shaman (D:7)
  3 hounds
  2 orc priests
  2 iguanas
  An orc wizard (D:6)
  A killer bee zombie (D:7)
  A hound skeleton (D:4)
  5 gnolls
  6 adders
  2 shadow imps (D:5)
  2 white imps
  2 ufetubi
  A worm (D:4)
  3 dart slugs
  11 orcs
  6 endoplasms
  A giant cockroach (D:1)
  4 goblins
  6 hobgoblins
  6 jackals (D:1)
  5 quokkas
  9 ball pythons
  5 bats
  4 frilled lizards
  7 kobolds
  5 rats
128 creatures vanquished.

Vanquished Creatures (others)
  A komodo dragon (D:7)
1 creature vanquished.

Grand Total: 129 creatures vanquished

Notes
Turn   | Place    | Note
-------+----------+-------------------------------------------
     0 | D:1      | horus123 the Barachi Fighter began the quest for the Orb.
     0 | D:1      | Reached XP level 1. HP: 18/18 MP: 1/1
    82 | D:1      | Reached skill level 4 in Fighting
    82 | D:1      | Reached XP level 2. HP: 15/25 MP: 2/2
   334 | D:1      | Found a faded altar of an unknown god.
   783 | D:1      | Reached XP level 3. HP: 25/30 MP: 3/3
  2011 | D:2      | Reached XP level 4. HP: 34/37 MP: 4/4
  2440 | D:3      | Reached skill level 5 in Long Blades
  2448 | D:3      | Reached XP level 5. HP: 29/42 MP: 5/5
  3527 | D:4      | Reached XP level 6. HP: 11/48 MP: 6/6
  4224 | D:4      | Found a glowing golden altar of the Shining One.
  4243 | D:4      | Noticed a black bear
  4265 | D:4      | Killed a black bear
  4266 | D:4      | Reached XP level 7. HP: 37/54 MP: 7/7
  4904 | D:5      | Entered Level 5 of the Dungeon
  4941 | D:5      | Reached skill level 5 in Armour
  5810 | D:5      | Reached XP level 8. HP: 3/60 MP: 8/8
  6616 | D:6      | Reached skill level 5 in Fighting
  6701 | D:6      | Reached skill level 6 in Fighting
  6849 | D:6      | Identified the +5 whip "Beastbane" {drain, rElec Str+3
                  | Dex+3}
  6879 | D:6      | Found a snail-covered altar of Cheibriados.
  6894 | D:6      | Reached skill level 7 in Fighting
  7068 | D:6      | Found Tihynuce's Elemental Accessories.
  7130 | D:6      | Noticed a cyclops
  7144 | D:6      | Killed a cyclops
  7145 | D:6      | Reached skill level 9 in Fighting
  7145 | D:6      | Reached XP level 9. HP: 51/77 MP: 9/9
  7927 | D:7      | Found a staircase to the Ecumenical Temple.
  7935 | Temple   | Entered the Ecumenical Temple
  8016 | Temple   | Became a worshipper of Qazlal Stormbringer
  8079 | D:7      | Reached skill level 5 in Shields
  8340 | D:7      | Noticed a deep elf pyromancer
  8341 | D:7      | Noticed a komodo dragon
  8343 | D:7      | Noticed a kobold demonologist
  8344 | D:7      | Noticed a two-headed ogre
  8355 | D:7      | HP: 3/77 [fire elemental[a deep elf pyromancer] (13)]
  8355 | D:7      | Killed a komodo dragon
  8356 | D:7      | Mangled by a fire elemental

Illustrated notes

Levels and vault maps discovered:
D:1:      dpeg_arrival_round_a, layout_basic, ebering_ecumenical_altar_webs,
          st_stairs_1
D:2:      minmay_chambers_of_ones, layout_basic
D:3:      layout_loops_ring, minmay_misc_feat_columns
D:4:      layout_basic, mainiacjoe_overflow_catwalk
D:5:      layout_basic
D:6:      layout_loops_ring, kennysheep_slug_shrine, grunt_ministairs_14,
          nicolae_elemental_shop
D:7:      minmay_the_grid_octo_tiled_squarecenter [minmay_the_grid_octo_clover,
          minmay_the_grid_octo_checkered, minmay_the_grid_octo_chip,
          minmay_the_grid_octo_concentric,
          minmay_the_grid_square_5x5_megaprize_open,
          minmay_the_grid_square_5x5_seven, minmay_the_grid_square_5x5_lines,
          minmay_the_grid_square_5x5_bite, minmay_the_grid_square_5x5_slash],
          layout_layer_cave, nicolae_wu_jian_wuxing_cycle,
          minmay_temple_entry_proselytizer, guppyfry_early_elven_hall
Temple:   eino_temple_rhombus

Skill      XL: |  1  2  3  4  5  6  7  8  9 |
---------------+----------------------------+-----
Fighting       | 4 9 |  9.4
Long Blades    | 3 4 5 7 8 |  8.3
Armour         | 4 7 8 |  8.1
Shields        | 7 |  7.3

Action                   |  1- 3 |  4- 6 |  7- 9 || total
-------------------------+-------+-------+-------++-------
Melee: Long sword        |   155 |   170 |   314 ||   639
  Use: Scroll            |     3 |     3 |     4 ||    10
       Potion            |       |     1 |     7 ||     8
Armor: Scale mail        |    76 |    50 |       ||   126
       Chain mail        |       |    27 |   204 ||   231
Dodge: Dodged            |    69 |    80 |   104 ||   253
Block: Buckler           |    37 |    47 |    69 ||   153
